Map: Bel'Shir Vestige LE (Void)

Players

Xavier

  • Race: Terran Terran
  • League: Master
  • Spawn Location: 5:00

Railgan - Winner!

  • Race: Zerg Zerg
  • League: Grandmaster
  • Spawn Location: 11:00

VOD

Have the link to the VOD?

Description

Time

  • Played on: Feb. 25, 2017, 7:12 p.m.
  • Length: 12:14
Show
View Real Time Build Order
Export as new Build Order

Xavier Terran 

Build Orders: Hellion Opening, Reaper Expand, MMM Bio 

Get SALT Encoding   

  12  0:00  SCV  
  13  0:12  SCV  
  14  0:17  Supply Depot  
  14  0:25  SCV  
  15  0:30  Refinery  
  15  0:38  SCV  
  16  0:44  Barracks  
  16  0:50  SCV  
  17  1:02  SCV  
  18  1:15  SCV  
  19  1:30  Orbital Command  
  19  1:31  Reaper  
  20  1:41  Command Center  
  20  1:51  Factory  
  20  1:56  SCV  
  20  2:00  Refinery  
  21  2:07  Barracks Reactor  
  21  2:08  SCV  
  21  2:12  Supply Depot  
  22  2:20  SCV  
  23  2:34  SCV  
  24  2:37  Starport  
  25  2:51  SCV  
  25  2:57  Hellion  
  29  2:58  Hellion  
  29  3:03  SCV  
  29  3:05  Marine  
  31  3:11  Orbital Command  
  31  3:15  SCV  
  31  3:17  Medivac  
  31  3:19  Hellion  
  38  3:20  Hellion  
  38  3:26  Armory  
  38  3:28  SCV  
  38  3:31  Marine  
  40  3:38  SCV  
  40  3:39  Supply Depot  
  41  3:46  Hellion  
  43  3:49  Marine, Hellion  
  46  4:00  SCV  
  48  4:02  SCV  
  48  4:03  Supply Depot  
  48  4:06  Supply Depot  
  48  4:07  Liberator  
  48  4:13  Hellion x2, SCV  
  48  4:15  Barracks Tech Lab  
  53  4:27  SCV  
  53  4:28  SCV  
  58  4:39  SCV  
  58  4:40  SCV  
  58  4:44  Command Center  
  60  4:51  SCV  
  60  4:52  Marine, SCV  
  61  4:53  Stimpack  
  59  5:03  SCV  
  59  5:04  SCV  
  61  5:08  Engineering Bay  
  61  5:09  Engineering Bay  
  61  5:11  Marine  
  62  5:15  SCV  
  62  5:16  SCV  
  62  5:20  Supply Depot  
  64  5:28  SCV x2  
  63  5:30  Factory Reactor  
  63  5:31  Barracks, Marine  
  63  5:33  Barracks  
  62  5:40  SCV x2  
  62  5:44  Missile Turret  
  62  5:46  Terran Infantry Armor Level 1, Terran Infantry Weapons Level 1  
  62  5:47  Missile Turret  
  58  5:52  SCV x2  
  58  5:53  Missile Turret  
  58  5:54  Missile Turret  
  58  5:56  Starport Reactor  
  58  5:58  Orbital Command  
  58  6:04  Refinery, SCV x2  
  58  6:05  Refinery  
  58  6:10  Missile Turret  
  60  6:16  SCV  
  61  6:19  Barracks  
  61  6:21  Marine x2  
  61  6:23  SCV  
  61  6:24  Factory Reactor  
  63  6:28  SCV  
  64  6:36  Marine  
  64  6:38  Missile Turret  
  62  6:41  Barracks  
  62  6:47  Marine x4, Medivac  
  62  6:48  Medivac  
  62  6:53  Combat Shields  
  70  6:58  SCV  
  71  7:05  SCV x2  
  73  7:09  Marine x2  
  73  7:12  Factory Reactor  
  73  7:13  Marine  
  75  7:15  Marine x2, Supply Depot x2  
  75  7:16  Marine x2  
  75  7:17  Medivac  
  75  7:18  Medivac  
  78  7:26  Marine x2  
  78  7:28  Marine  
  78  7:31  Marine  
  78  7:33  Marine x4  
  83  7:38  SCV  
  83  7:43  Orbital Command  
  84  7:44  Marine x2  
  84  7:49  Marine, Barracks Reactor  
  87  7:51  Marine x4  
  87  7:54  Terran Infantry Weapons Level 2, Terran Infantry Armor Level 2  
  91  7:59  Medivac x2  
  91  8:02  Marine x2  
  95  8:07  Marine, SCV  
  95  8:08  SCV  
  95  8:09  Marine x4  
  95  8:11  SCV  
  103  8:17  Widow Mine x2, Supply Depot  
  103  8:18  Supply Depot  
  108  8:20  Marine, SCV  
  108  8:22  Marine  
  108  8:24  SCV  
  108  8:25  Marine  
  108  8:26  SCV  
  109  8:28  Missile Turret  
  109  8:32  Missile Turret  
  109  8:38  Marine x3  
  109  8:39  Marine x3, SCV  
  116  8:43  Marine x3, Supply Depot  
  116  8:44  Supply Depot  
  119  8:54  Medivac x2  
  121  8:56  Marine  
  121  9:02  Marine x3  
  124  9:04  Marine x2  
  124  9:05  SCV  
  124  9:07  Supply Depot  
  124  9:08  Supply Depot x2  
  128  9:11  Marine x3, Widow Mine  
  128  9:12  Widow Mine  
  128  9:15  Supply Depot  
  135  9:17  Supply Depot  
  135  9:20  Marine x3  
  135  9:22  Marine x2  
  140  9:25  Marine  
  140  9:29  Marine  
  116  9:31  Marine x2  
  116  9:38  Marine x3  
  112  9:40  Marine x2, Widow Mine  
  112  9:42  Marine  
  119  9:49  Marine x3  
  118  9:56  Marine x3  
  118  9:58  Marine x2  
  118  10:00  Marine  
  118  10:07  Marine x3  
  97  10:14  Marine x3, Widow Mine x2  
  94  10:15  Marine  
  94  10:16  Marine  
  94  10:18  Marine  
  94  10:21  Barracks x3  
  104  10:24  Marine  
  104  10:25  Marine x2  
  100  10:32  Marine x3  
  100  10:33  Marine  
  102  10:43  Marine x3  
  94  10:50  Marine x2  
  94  10:51  Marine x3  
  94  10:52  Marine  
  94  11:00  Marine x2  
  94  11:01  Marine  
  97  11:07  Medivac x2  
  97  11:08  Marine x2  
  96  11:15  Marine x2  
  95  11:22  Barracks Reactor x2, Barracks Tech Lab  
  95  11:23  Marine x3  
  95  11:24  Marauder  
  100  11:27  Marine x2  
  100  11:30  Marine  
  103  11:32  Marine  
  103  11:37  Medivac x2  
  106  11:41  Marine x4  
  106  11:42  Widow Mine x2  
  106  11:45  Marauder  
  115  11:47  Marine x2  
Show
View Real Time Build Order
Export as new Build Order

Railgan Zerg - Winner!

Build Orders: Pool First, Muta Ling Bane 

Get SALT Encoding   

  12  0:01  Drone  
  13  0:12  Overlord  
  13  0:17  Drone  
  14  0:30  Drone x2  
  14  0:34  Drone  
  17  0:45  Drone  
  17  0:47  Spawning Pool  
  17  0:56  Drone  
  18  1:12  Extractor, Hatchery  
  18  1:18  Drone  
  17  1:20  Drone  
  18  1:28  Drone  
  19  1:36  Queen  
  19  1:38  Zergling x2  
  22  1:49  Overlord  
  22  2:07  Drone  
  23  2:12  Drone, Queen  
  26  2:18  Metabolic Boost  
  26  2:25  Drone  
  26  2:26  Drone, Queen  
  30  2:41  Drone x2  
  32  2:44  Overlord  
  32  2:45  Drone  
  32  2:46  Drone x2  
  34  2:52  Drone  
  34  2:57  Overlord  
  35  2:59  Drone  
  35  3:01  Lair  
  36  3:08  Drone x2  
  38  3:13  Spine Crawler  
  37  3:20  Drone x2  
  37  3:23  Extractor  
  37  3:24  Extractor  
  37  3:25  Zergling x4  
  39  3:27  Drone  
  39  3:29  Drone  
  39  3:32  Drone  
  42  3:34  Overlord  
  42  3:35  Drone  
  42  3:37  Drone  
  44  3:47  Drone x2  
  46  3:53  Zergling x4  
  48  3:59  Drone x2  
  48  4:00  Drone  
  51  4:04  Overseer  
  51  4:05  Drone x2  
  51  4:06  Spire  
  51  4:08  Drone  
  51  4:09  Extractor, Drone  
  53  4:12  Drone  
  53  4:15  Drone  
  55  4:25  Zergling x2  
  55  4:26  Queen x2  
  60  4:35  Zergling x6  
  60  4:36  Zergling x2  
  60  4:42  Overlord  
  57  4:49  Zergling x2  
  57  4:50  Zergling x8  
  58  4:56  Zergling x2  
  55  5:02  Queen x2  
  55  5:03  Zergling x4  
  57  5:09  Zergling x2  
  57  5:12  Zergling x2  
  57  5:13  Zergling x2  
  56  5:15  Zergling x2  
  56  5:19  Mutalisk  
  50  5:30  Mutalisk  
  50  5:31  Mutalisk  
  50  5:32  Zergling x2  
  52  5:48  Mutalisk x2  
  55  5:54  Mutalisk x2  
  55  5:55  Drone x2  
  55  5:56  Drone  
  62  6:10  Drone x3  
  63  6:22  Hatchery  
  63  6:23  Overlord  
  56  6:34  Drone  
  56  6:35  Drone x5  
  62  6:45  Zerg Flyer Weapons Level 1  
  62  6:48  Evolution Chamber, Drone  
  62  6:49  Drone, Evolution Chamber  
  62  7:01  Drone x2  
  64  7:08  Baneling Nest  
  63  7:15  Mutalisk x3  
  63  7:17  Drone x4  
  71  7:30  Drone x2  
  73  7:37  Zerg Melee Weapons Level 1  
  73  7:39  Drone x6  
  73  7:41  Queen  
  81  7:47  Overlord  
  81  7:50  Overlord  
  81  7:52  Zerg Ground Armor Level 1  
  81  7:58  Centrifical Hooks  
  81  8:03  Overlord  
  81  8:07  Zergling x4  
  81  8:10  Drone  
  81  8:11  Drone  
  85  8:13  Extractor, Drone  
  85  8:14  Extractor, Overlord  
  85  8:15  Zergling x2  
  85  8:27  Zergling x6  
  85  8:28  Drone  
  85  8:29  Drone  
  85  8:30  Drone  
  91  8:44  Drone x2  
  93  8:52  Baneling x7  
  93  8:55  Mutalisk x2  
  93  9:00  Hatchery  
  93  9:01  Mutalisk  
  93  9:02  Mutalisk  
  100  9:03  Mutalisk  
  100  9:05  Zergling x6  
  100  9:07  Baneling x2, Overlord  
  100  9:08  Overlord  
  105  9:10  Overlord  
  105  9:13  Burrow  
  105  9:25  Baneling x8  
  105  9:26  Zergling x18  
  109  9:37  Zergling x12  
  102  9:46  Mutalisk x3  
  106  9:56  Zergling x16  
  97  10:10  Mutalisk x4  
  104  10:16  Zergling x6  
  104  10:18  Baneling  
  104  10:19  Baneling x6  
  107  10:28  Mutalisk  
  101  10:32  Zergling x2  
  101  10:33  Zergling x6  
  101  10:34  Zergling x2  
  101  10:35  Zergling x4  
  106  10:36  Zergling x2  
  107  10:43  Baneling x4  
  102  10:53  Zergling x2  
  102  10:54  Zergling x18  
  102  10:56  Overseer, Zergling x2  
  110  10:59  Baneling x8  
  110  11:00  Baneling, Mutalisk x2  
  112  11:13  Zergling x12  
  112  11:18  Drone x2  
  118  11:22  Baneling x9  
  118  11:24  Drone x2  
  120  11:29  Extractor  
  120  11:31  Zergling x2, Spore Crawler  
  119  11:35  Baneling x2  
  119  11:38  Spine Crawler, Zergling x2  
  119  11:45  Hatchery, Zergling x6  
  119  11:46  Zergling x4  
Tags
 
Add a new tag
Caveats
  • Supply blocks, unpowered buildings, or Contaminate may cause inaccurate times.
  • Supply counts are checked every 10 seconds.